 Dungeon Crawl Stone Soup version 0.25.0-46-gbd7b0854d2 (webtiles) character file.

Game seed: 18362433995411769760

77280 Delamore the Bludgeoner (level 15, 0/101 HPs)
             Began as a Gargoyle Fighter on July 12, 2020.
             Was a High Priest of Okawaru.
             Slain by a five-headed hydra (7 damage)
             ... on level 3 of the Lair of Beasts.
             The game lasted 00:41:13 (22902 turns).

Delamore the Bludgeoner (Gargoyle Fighter)         Turns: 22902, Time: 00:41:14

Health: 0/101      AC: 32    Str: 26    XL:     15   Next: 56%
Magic:  27/27      EV:  4    Int: 17    God:    Okawaru [*****.]
Gold:   763        SH: 13    Dex:  4    Spells: 14/14 levels left

rFire    + . .     SeeInvis .   e - +0 eveningstar (flame)
rCold    + + +     Gourm    .   c - +0 kite shield
rNeg     + . .     Faith    .   B - +0 gold dragon scales
rPois    ∞         Spirit   .   m - +2 hood of the Assassin {Detection Stab+ Stlth++}
rElec    +         Reflect  .   y - +0 cloak
rCorr    .         Harm     .   W - +1 pair of gloves
MR       +....                  K - +1 pair of boots {Fly}
Stlth    ..........             J - amulet of Jaehycw {Acrobat rF- MP+9 Str+7 Slay+2}
HPRegen  0.26/turn              g - ring of Xuerhiloiqe {+Fly rC+++ Str-5 Int+6 Dex-5}
MPRegen  0.20/turn              u - ring of protection from fire

@: no status effects
A: big wings, negative energy resistance 1, electricity resistance, unbreathing,
petrification resistance, rot immunity, AC +11
a: Fly, Heroism, Finesse, Renounce Religion, Evoke Flight


You were on level 3 of the Lair of Beasts.
You worshipped Okawaru.
Okawaru was extremely pleased with you.
You were hungry.

You visited 3 branches of the dungeon, and saw 19 of its levels.
You also visited: Ossuary, Gauntlet, Ice Cave and Volcano.

You collected 981 gold pieces.
You spent 218 gold pieces at shops.

Inventory:

Hand Weapons
 e - a +0 eveningstar of flaming (weapon)
 Q - a +2 eveningstar of draining
Missiles
 j - 5 curare-tipped darts
 S - 6 atropa-tipped darts (quivered)
 Y - 29 silver javelins
Armour
 c - a +0 kite shield (worn)
 m - the +2 hood of the Assassin (worn) {Detection Stab+ Stlth++}
   (You found it on level 6 of the Dungeon)

   It makes you much more stealthy.
 y - a +0 cloak (worn)
 B - +0 gold dragon scales (worn)
 K - a +1 pair of boots of flying (worn)
 W - a +1 pair of gloves (worn)
Jewellery
 b - an uncursed ring of resist corrosion
 g - the ring of Xuerhiloiqe (left hand) {+Fly rC+++ Str-5 Int+6 Dex-5}
   (You found it in a Gauntlet)

   [ring of intelligence]

   It affects your strength (-5).
   It affects your intelligence (+6).
   It affects your dexterity (-5).
   It renders you almost immune to cold.
   It lets you fly.
 h - an uncursed amulet of the acrobat {unknown}
 u - a ring of protection from fire (right hand)
 H - an uncursed amulet of guardian spirit {unknown}
 J - the amulet of Jaehycw (around neck) {Acrobat rF- MP+9 Str+7 Slay+2}
   (You found it in a Gauntlet)

   [amulet of the acrobat]

   It helps you evade while moving and waiting.
   It affects your strength (+7).
   It affects your accuracy and damage with ranged weapons and melee attacks
   (+2).
   It makes you vulnerable to fire.
   It affects your magic capacity (+9).
Wands
 x - a wand of polymorph (21)
 F - a wand of clouds (2)
 G - a wand of enslavement (5)
 N - a wand of paralysis (30)
 X - a wand of flame (20)
 Z - a wand of digging (4)
Scrolls
 a - a scroll of holy word
 l - a scroll of enchant armour
 o - 3 scrolls of fear
 q - 7 scrolls of remove curse
 r - 7 scrolls of amnesia
 t - 2 scrolls of immolation
 v - a scroll of blinking
 w - 7 scrolls of teleportation
 C - 3 scrolls of fog
 I - a scroll of enchant weapon
 L - 2 scrolls of silence
 R - 3 scrolls of identify
 U - a scroll of summoning
Potions
 d - 3 potions of might
 i - 6 potions of flight {unknown}
 k - 5 potions of haste {unknown}
 n - 2 potions of heal wounds
 p - a potion of cancellation {unknown}
 s - 3 potions of stabbing {unknown}
 z - 7 potions of curing {unknown}
 A - 7 potions of brilliance {unknown}
 D - 2 potions of lignification {unknown}
 E - 4 potions of berserk rage {unknown}
 M - 3 potions of mutation {unknown}
 O - a potion of degeneration {unknown}
 P - 2 potions of magic {unknown}
 T - a potion of resistance {unknown}
Comestibles
 f - 32 rations
 V - 10 chunks of flesh


   Skills:
 + Level 14.3 Fighting
 - Level 16.0 Maces & Flails
 - Level 3.2 Armour
 - Level 15.0 Shields
 - Level 4.8 Invocations
 - Level 4.0 Evocations


You had 14 spell levels left.
You didn't know any spells.
Your spell library contained the following spells:

 Spells                   Type           Power        Failure   Level  Hunger
 Beastly Appendage        Tmut           #.....       100%        1    ##.....
 Foxfire                  Conj/Fire      #...         100%        1    ##.....
 Sticks to Snakes         Tmut           #.......     100%        2    ###....
 Confusing Touch          Hex            #.......     100%        3    ####...
 Conjure Flame            Conj/Fire      #.......     100%        3    ####...
 Gell's Gravitas          Tloc           #.........   100%        3    ####...
 Inner Flame              Hex/Fire       #.......     100%        3    ####...
 Spider Form              Tmut/Pois      #.........   100%        3    ####...
 Ice Form                 Ice/Tmut       #.......     100%        4    #####..
 Petrify                  Tmut/Erth      #.......     100%        4    #####..
 Sticky Flame             Conj/Fire      #.......     100%        4    #####..
 Blade Hands              Tmut           #.........   100%        5    ######.
 Fireball                 Conj/Fire      #.........   100%        5    ######.
 Metabolic Englaciation   Hex/Ice        #.........   100%        5    ######.
 Yara's Violent Unravell  Hex/Tmut       #.........   100%        5    ######.


Dungeon Overview and Level Annotations

Branches:
Dungeon (15/15)            Temple (1/1) D:5            Lair (3/6) D:10
  Swamp (0/4) Lair:3       Spider (0/4) Lair:2          Orc (0/2) D:12
 Vaults (0/5) D:14        Ossuary (visited)           IceCv (visited)
Volcano (visited)         Gauntlet (visited)
 Depths: D:15

Altars:
Ashenzari
Cheibriados
Dithmenos
Elyvilon
Fedhas
Gozag
Hepliaklqana
Kikubaaqudgha
Makhleb
Nemelex Xobeh
Okawaru
Qazlal
Ru
Sif Muna
Trog
Uskayaw
Vehumet
Wu Jian
Xom
Yredelemnul
Zin
The Shining One

Shops:
D:7 [   D:8 ([[=?   D:12 ?

Annotations:
D:14 Josephine


Innate Abilities, Weirdness & Mutations

You are resistant to torment.
Your stone body is resilient. (AC +11)
You are immune to poison.
Your large and strong wings let you fly indefinitely.
You resist negative energy. (rN+)
You are resistant to electric shocks. (rElec)
You can survive without breathing.
You are immune to petrification.
You are immune to rotting.


Message History

You impale the five-headed hydra!! You burn the five-headed hydra.
The five-headed hydra is severely wounded.
You block the swamp worm's attack.
The five-headed hydra bites you but does no damage.
You block the five-headed hydra's attack. x2
The five-headed hydra bites you but does no damage. x2
You sock the five-headed hydra! You burn the five-headed hydra.
The five-headed hydra is almost dead.
The swamp worm bites you!
* * * LOW HITPOINT WARNING * * *
The five-headed hydra bites you but does no damage. x5
You barely miss the five-headed hydra.
The five-headed hydra is almost dead.
The swamp worm barely misses you.
The five-headed hydra barely misses you.
The five-headed hydra bites you.
* * * LOW HITPOINT WARNING * * *
The five-headed hydra bites you but does no damage.
The five-headed hydra bites you!
You die...

..............,,,,*,,,*,*,,,,,,,*
.....#...#...,,♣♣♣♣♣,*******,,,,,
....##≈.≈###.##♣≈≈≈♣♣***,,≈***,,,
...##≈≈.≈≈##...♣≈≈≈≈♣,,§,,≈≈,**,*
...#§≈≈.§≈≈#...♣≈≈≈≈♣,§§*≈≈≈,,*,*
#..##§≈.≈≈##...♣≈≈≈≈♣.♣**≈≈≈,,***
##'###≈.≈###...♣≈≈≈≈..♣**≈≈≈*,,*
...####.##*#...♣Dw≈...♣*,≈≈≈*,,*
.†..###§#,*#....@≈≈..♣♣≈,,≈,,,,*
...###.##,,#.....≈♣.♣♣≈≈,,,,,,♣♣#
#####.###..#..#♣.♣♣♣♣♣≈≈*,,*,,♣.#
.###...##..#.#.♣♣♣.♣.♣>*♣♣♣♣♣♣♣..
...##.##........♣....♣♣♣♣.♣..♣..#
...#####.........................
...#####........................#
................................#
.................................


You could see a five-headed hydra and a swamp worm.

Vanquished Creatures
  A reaper (IceCv)
  A stone giant (Volcano)
  Nessos (D:13)
  Azrael (D:13)
  A minotaur (Gauntlet)
  Harold (D:7)
  3 hydras
  An ogre mage (D:12)
  A death knight (D:12)
  A tengu warrior (D:13)
  5 two-headed ogres
  2 thrashing horrors (Gauntlet)
  An unseen horror (D:13)
  2 wizards (D:14)
  A necromancer (D:14)
  Pikel (D:4)
  2 phantasmal warriors (D:12)
  A deep elf mage (D:12)
  4 ugly things
  2 manticores
  2 cyclopes
  Joseph (D:7)
  2 black mambas
  2 ice statues (IceCv)
  2 molten gargoyles (Volcano)
  3 gargoyles
  4 spiny frogs
  10 ice devils
  A tengu conjurer (D:13)
  3 komodo dragons
  2 efreet
  2 freezing wraiths (D:12)
  A troll (D:11)
  5 hornets
  A tyrant leech (Lair:3)
  A meliai zombie (D:14)
  5 hippogriffs
  A shadow (D:13)
  10 humans (D:14)
  30 yaks
  Sigmund (D:6)
  5 fire elementals
  A water elemental (D:12)
  3 wraiths
  A basilisk (Lair:1)
  2 small abominations (Gauntlet)
  2 fire bats (Volcano)
  6 vampire mosquitoes
  The ghost of wojtek the Firebug, an amateur DsFE of Vehumet (D:4)
  Edmund (D:4)
  2 soldier ants (D:8)
  3 swamp worms (Lair:3)
  Duvessa (D:6)
  An acid dragon (D:11)
  4 hell hounds (D:13)
  6 water moccasins
  5 black bears
  4 porcupines
  6 sky beasts
  An ice beast (D:8)
  6 orc warriors
  3 phantoms
  An eye of draining (D:8)
  A necrophage (D:11)
  28 wolves
  10 centaurs
  13 ogres
  6 crocodiles
  4 big kobolds
  13 bullfrogs
  2 earth elementals (Volcano)
  A gnoll sergeant (D:8)
  2 elf skeletons (D:4)
  Dowan (D:6)
  A wyvern skeleton (D:13)
  8 scorpions
  3 killer bees (D:10)
  A howler monkey (D:5)
  14 wights
  3 electric eels
  6 crimson imps
  A centaur zombie (D:8)
  3 jellies
  7 lava snakes (Volcano)
  2 bullfrog zombies
  13 orc priests
  18 orc wizards
  2 bullfrog skeletons
  8 hounds
  2 human skeletons (D:4)
  5 iguanas
  7 worker ants
  A mummy (Ossuary)
  A worker ant zombie (D:9)
  A howler monkey skeleton (D:8)
  15 adders
  6 gnolls
  A shadow imp (D:9)
  9 white imps
  11 ufetubi (IceCv)
  An adder skeleton (D:5)
  An adder zombie (D:8)
  A worm (D:3)
  2 dart slugs (D:4)
  7 leopard geckos
  62 orcs
  4 giant cockroaches
  10 goblins
  7 hobgoblins
  8 jackals
  9 quokkas
  4 ball pythons
  12 bats
  9 frilled lizards
  5 gnoll skeletons (Ossuary)
  29 kobolds
  7 kobold skeletons (Ossuary)
  14 orc skeletons
  A quokka skeleton (D:5)
  A quokka zombie (D:7)
  10 rats
621 creatures vanquished.

Vanquished Creatures (others)
  A centaur (D:5)
  A hound (D:4)
  2 worker ants (D:5)
  An adder (D:12)
  A shadow imp (D:5)
  2 white imps (IceCv)
  2 ufetubi (IceCv)
  2 orcs (D:5)
  A quokka (D:5)
  5 plants (D:12)
18 creatures vanquished.

Grand Total: 639 creatures vanquished

Notes
Turn   | Place    | Note
-------+----------+-------------------------------------------
     0 | D:1      | Delamore the Gargoyle Fighter began the quest for the Orb.
     0 | D:1      | Reached XP level 1. HP: 14/14 MP: 1/1
    97 | D:1      | Reached XP level 2. HP: 19/19 MP: 2/2
   482 | D:1      | Reached XP level 3. HP: 24/24 MP: 3/3
  1506 | D:2      | Reached skill level 3 in Maces & Flails
  1690 | D:2      | Reached XP level 4. HP: 17/30 MP: 4/4
  2341 | D:3      | Noticed a phantom
  2553 | D:2      | Reached XP level 5. HP: 29/34 MP: 5/5
  2661 | D:2      | Killed a phantom
  2661 | D:2      | Reached skill level 5 in Fighting
  2661 | D:2      | Reached skill level 4 in Maces & Flails
  2796 | D:3      | Reached XP level 6. HP: 33/40 MP: 6/6
  3119 | D:3      | Reached skill level 5 in Maces & Flails
  3639 | D:3      | Found a shimmering blue altar of Sif Muna.
  3972 | D:4      | Reached XP level 7. HP: 45/47 MP: 7/7
  3992 | D:4      | Found a sand-covered staircase.
  4010 | Ossuary  | Entered an ossuary
  4010 | Ossuary  | Noticed a wraith
  4010 | Ossuary  | Noticed a wraith
  4010 | Ossuary  | Noticed a wraith
  4092 | Ossuary  | Noticed a wraith
  4109 | Ossuary  | Killed a wraith
  4351 | Ossuary  | Reached skill level 6 in Maces & Flails
  4519 | D:4      | Noticed Pikel
  4544 | D:4      | Killed Pikel
  4544 | D:4      | Reached skill level 7 in Maces & Flails
  4544 | D:4      | Reached XP level 8. HP: 45/55 MP: 8/8
  4913 | D:4      | Noticed Edmund
  4938 | D:4      | Killed Edmund
  5012 | D:4      | Found a sparkling altar of Nemelex Xobeh.
  5197 | D:4      | Found a runed translucent gate.
  5198 | D:4      | Found a runed translucent gate.
  5198 | D:4      | Found an opulent altar of Gozag.
  5199 | D:4      | Found a runed translucent gate.
  5200 | D:4      | Noticed wojtek's ghost (amateur DsFE)
  5563 | D:4      | Reached skill level 8 in Maces & Flails
  5569 | D:4      | Killed wojtek's ghost
  5569 | D:4      | Reached XP level 9. HP: 59/60 MP: 9/9
  5662 | D:5      | Entered Level 5 of the Dungeon
  5777 | D:5      | Reached skill level 9 in Maces & Flails
  5975 | D:5      | Found a staircase to the Ecumenical Temple.
  5982 | Temple   | Entered the Ecumenical Temple
  6240 | Temple   | Became a worshipper of Warmaster Okawaru
  6491 | D:5      | Found a shimmering altar of Xom.
  6774 | D:6      | Reached skill level 10 in Maces & Flails
  7046 | D:6      | Reached * piety under Okawaru
  7208 | D:6      | Noticed Sigmund
  7220 | D:6      | Killed Sigmund
  7438 | D:6      | Found the +2 hood of the Assassin {Detection Stab+ Stlth++}
  7441 | D:6      | Noticed Duvessa
  7442 | D:6      | Noticed Dowan
  7448 | D:6      | Killed Duvessa
  7448 | D:6      | Reached skill level 11 in Maces & Flails
  7455 | D:6      | Killed Dowan
  7572 | D:6      | Found a basalt altar of Yredelemnul.
  7839 | D:7      | Reached XP level 10. HP: 66/66 MP: 10/10
  7992 | D:7      | Noticed Joseph
  8010 | D:7      | Killed Joseph
  8010 | D:7      | Reached ** piety under Okawaru
  8071 | D:7      | Noticed Harold
  8091 | D:7      | Killed Harold
  8091 | D:7      | Reached skill level 12 in Maces & Flails
  8091 | D:7      | Reached skill level 5 in Shields
  8184 | D:7      | Found Miluecsa's Antique Armour Shop.
  8193 | D:7      | Bought a pair of embroidered boots for 202 gold pieces
  8492 | D:8      | Found a bloodstained altar of Trog.
  9019 | D:8      | Found Exoigh's Antique Armour Emporium.
  9037 | D:8      | Found Caohah's Magic Scroll Emporium.
  9058 | D:8      | Reached *** piety under Okawaru
  9279 | D:8      | Found Asea's Armour Shop.
  9326 | D:8      | Found Rasih's Jewellery Shop.
  9452 | D:8      | Found Ulopy's Antique Weapon Shop.
  9696 | D:8      | Received a gift from Okawaru
  9696 | D:8      | Reached XP level 11. HP: 61/71 MP: 11/11
 10142 | D:9      | Reached skill level 10 in Shields
 10319 | D:9      | Noticed a two-headed ogre
 10338 | D:9      | Killed a two-headed ogre
 10338 | D:9      | Reached **** piety under Okawaru
 10472 | D:10     | Entered Level 10 of the Dungeon
 11757 | D:10     | Reached ***** piety under Okawaru
 11896 | D:10     | Found a staircase to the Lair.
 12467 | D:11     | Noticed a cyclops
 12477 | D:11     | Killed a cyclops
 12860 | D:11     | Noticed a two-headed ogre
 12873 | D:11     | Killed a two-headed ogre
 12873 | D:11     | Received a gift from Okawaru
 12896 | D:11     | Got a translucent morningstar {god gift}
 12897 | D:11     | Identified the +4 morningstar "Lyvuapp" {antimagic, MR+
                  | Int+5} (Okawaru gifted it to you on level 11 of the
                  | Dungeon)
 12998 | D:11     | Noticed a green ugly thing
 13359 | D:11     | Reached XP level 12. HP: 65/76 MP: 4/12
 13421 | D:11     | Got a faintly glowing ring mail
 13432 | D:11     | Identified the +4 ring mail of Honour {-Tele rElec rF-
                  | MR+++} (You found it on level 11 of the Dungeon)
 13832 | D:12     | Found Cerad's Magic Scroll Shop.
 14098 | D:12     | Bought a scroll of random uselessness for 16 gold pieces
 14312 | D:12     | Noticed a death knight
 14342 | D:12     | Noticed a two-headed ogre
 14801 | D:13     | Identified the +6 dagger "Cawuk" {pain, rElec rPois Int-4
                  | Dex+4}
 14813 | D:13     | Noticed a tengu warrior
 14864 | D:13     | Killed a tengu warrior
 15170 | D:13     | Noticed Azrael
 15242 | D:14     | You fall into a shaft and drop 1 floor!
 15242 | D:15     | Entered Level 15 of the Dungeon
 15243 | D:15     | Noticed a six-headed hydra
 15250 | D:15     | Reached skill level 13 in Maces & Flails
 15261 | D:15     | Killed a six-headed hydra
 15261 | D:15     | Received a gift from Okawaru
 15474 | D:14     | Reached skill level 15 in Shields
 15548 | D:14     | Noticed a vault guard
 15548 | D:14     | Noticed a vault guard
 15548 | D:14     | Found a gate to the Vaults.
 15554 | D:14     | Reached XP level 13. HP: 58/80 MP: 4/13
 15570 | D:14     | Noticed a rakshasa
 15604 | D:14     | Noticed Josephine
 15607 | D:14     | Found a gate leading to a gauntlet.
 15616 | Gauntlet | Entered a Gauntlet
 15616 | Gauntlet | Found a transporter.
 15616 | Gauntlet | Found a runed translucent door.
 15616 | Gauntlet | Found a runed translucent door.
 15841 | Gauntlet | Found a transporter.
 15843 | Gauntlet | Found a transporter.
 15862 | Gauntlet | Found a transporter.
 15865 | Gauntlet | Found a transporter.
 15873 | Gauntlet | Found a transporter.
 15888 | Gauntlet | Found a transporter.
 15898 | Gauntlet | Found a transporter.
 15903 | Gauntlet | Found a transporter.
 15903 | Gauntlet | Found a transporter.
 15912 | Gauntlet | Found a transporter.
 15914 | Gauntlet | Found a transporter.
 15946 | Gauntlet | Found a transporter.
 15960 | Gauntlet | Found a transporter.
 16032 | Gauntlet | Got a crude iron amulet
 16059 | Gauntlet | Reached skill level 14 in Maces & Flails
 16182 | Gauntlet | Identified the amulet of Jaehycw {Acrobat rF- MP+9 Str+7
                  | Slay+2} (You found it in a Gauntlet)
 16206 | Gauntlet | Got a steaming tin ring
 16210 | Gauntlet | Identified the ring of Xuerhiloiqe {+Fly rC+++ Str-5 Int+6
                  | Dex-5} (You found it in a Gauntlet)
 16274 | Gauntlet | Noticed a minotaur
 16288 | Gauntlet | Killed a minotaur
 16541 | D:14     | Noticed Nessos
 16563 | D:13     | Killed Nessos
 16721 | D:13     | Reached skill level 15 in Maces & Flails
 16799 | D:13     | Found an opulent altar of Gozag.
 16989 | D:13     | Killed Azrael
 16989 | D:13     | Received a gift from Okawaru
 17774 | D:12     | HP: 3/80 [two-headed ogre/cursed -3 giant spiked club (14)]
 18167 | D:12     | Reached skill level 16 in Maces & Flails
 18329 | D:12     | Reached skill level 10 in Fighting
 18467 | D:12     | Received a gift from Okawaru
 18789 | D:12     | Found a staircase to the Orcish Mines.
 18825 | D:12     | Received a gift from Okawaru
 18830 | D:12     | Gained mutation: Your large and strong wings let you fly
                  | indefinitely. [Gargoyle growth]
 18830 | D:12     | Reached XP level 14. HP: 86/90 MP: 7/14
 19115 | Lair:1   | Entered Level 1 of the Lair of Beasts
 19243 | Lair:1   | Reached ****** piety under Okawaru
 19555 | Lair:1   | Reached XP level 15. HP: 95/95 MP: 18/18
 19932 | Lair:1   | Found a burning altar of Makhleb.
 20516 | Lair:2   | Found a frozen archway.
 20532 | IceCv    | Entered an ice cave
 20929 | IceCv    | HP: 4/97 [reaper/+1 scythe of freezing (26)]
 21436 | Lair:2   | Received a gift from Okawaru
 21595 | Lair:3   | Found a dark tunnel.
 21723 | Volcano  | Entered a volcano
 22195 | Volcano  | Found a burning altar of Makhleb.
 22902 | Lair:3   | Slain by a five-headed hydra

Illustrated notes

Levels and vault maps discovered:
D:1:      heliophobic_arrival_enchanted_forest, layout_basic,
          serial_corexii_hall, corexii_hall_statues_deadend,
          chequers_hall_statues_wall_a
D:2:      minmay_spotlight, layout_basic
D:3:      layout_basic, lemuel_blue_sif_altar
D:4:      layout_gridville, nemelex_xobeh_ov_fountains_minmay,
          ebering_ghost_gozag, nicolae_ossuary_entry_catacombs, uniq_pikel,
          uniq_edmund
D:5:      layout_basic, temple_statues, first_ration, xom_confusion_cloud
D:6:      minmay_evil_eye, layout_loops_ring, yredelemnul_altar_generic,
          uniq_duvessa, uniq_sigmund
D:7:      layout_cave_pools, serial_shops, shop, uniq_harold, uniq_joseph
D:8:      layout_cave_pools, serial_shops, nicolae_shop_crystal,
          nicolae_shop_trees, shop, kennysheep_mini_moat,
          nicolae_shop_statue_plus, hangedman_pestilent_swarm,
          trog_ov_bears_minmay
D:9:      layout_basic, hangedman_decor_growths
D:10:     layout_long_grid, grunt_lair_entry_orc_guard_hut
D:11:     layout_irregular_city
D:12:     layout_rooms, erik_orc_3, serial_shops, nicolae_shop_trees,
          chequers_avenue, serial_bayou_lake_a
D:13:     layout_loops_corners, minmay_misc_feat_hallway, grunt_gozag_statues,
          uniq_azrael
D:14:     layout_basic, grunt_vaults_entry_tiered, gauntlet_entry_generic,
          tgw_fedhas, uniq_josephine, uniq_nessos
D:15:     gammafunk_depths_entry_grave, layout_long_grid,
          minmay_misc_feat_columns
Temple:   nicolae_temple_the_god_donut
Lair:1:   layout_long_grid, basic_altar, nicolae_quartered_pool_medium,
          serial_bayou_shore_b, serial_bayou_shore_b
Lair:2:   layout_gridlike, nicolae_spider_entry_non_spiders,
          portal_ice_cave_entry_pillars_1, grunt_forest_large_clearings,
          grunt_megastairs_5
Lair:3:   layout_regular_city, palyth_hydra_swamp_entry, enter_volcano_4,
          minmay_lair_oklob_chamber

Skill      XL: |  1  2  3  4  5  6  7  8  9 10 11 12 13 14 15 |
---------------+----------------------------------------------+-----
Fighting       | 4 5 6 8 9 11 14 | 14.3
Maces & Flails | 3 4 5 7 8 11 12 13 16 | 16.0
Shields        | 9 13 15 | 15.0
Invocations    | 4 |  4.8
Evocations     | 4 |  4.0
Armour         | |  3.2

Action                   |  1- 3 |  4- 6 |  7- 9 | 10-12 | 13-15 || total
-------------------------+-------+-------+-------+-------+-------++-------
Melee: Flail             |   162 |   275 |   152 |       |       ||   589
       Whip              |       |       |   350 |   885 |       ||  1235
       Morningstar       |       |       |       |   450 |   396 ||   846
       Eveningstar       |       |       |       |       |   404 ||   404
Throw: Dart              |       |     3 |    17 |    15 |     6 ||    41
       Throwing net      |       |       |       |     1 |       ||     1
Invok: Heroism           |       |       |       |       |     1 ||     1
 Abil: Stop Flying       |       |       |       |     1 |       ||     1
Evoke: Wand              |       |       |       |     1 |     2 ||     3
  Use: Scroll            |       |     1 |     8 |     4 |     7 ||    20
       Potion            |       |       |       |     3 |     7 ||    10
 Stab: Sleeping          |       |       |       |     3 |       ||     3
       Petrified         |       |       |       |       |     2 ||     2
  Eat: Chunk             |     3 |     7 |    14 |    25 |    17 ||    66
       Ration            |       |       |       |       |     2 ||     2
Armor: Scale mail        |   101 |       |       |       |       ||   101
       Plate armour      |    26 |   261 |   280 |   402 |       ||   969
       Ring mail         |       |       |       |   204 |    54 ||   258
       Gold dragon scale |       |       |       |       |   584 ||   584
Dodge: Dodged            |    74 |    51 |    68 |   234 |   198 ||   625
Block: Kite shield       |   112 |   149 |   174 |   722 |   633 ||  1790
